Map: Orbital Shipyard

Players

FriendlyDeer

  • Race: Zerg Zerg

Bop - Winner!

  • Race: Zerg Zerg

VOD

Have the link to the VOD?

Description

Time

  • Played on: May 6, 2015, 3:06 a.m.
  • Length: 10:52
Show
View Real Time Build Order
Export as new Build Order

FriendlyDeer Zerg 

Build Orders: Hatch First, Lurkers 

Get SALT Encoding   

  12  0:01  Drone  
  13  0:12  Overlord  
  13  0:17  Drone  
  14  0:31  Drone x2  
  14  0:34  Drone  
  17  0:45  Drone  
  18  0:56  Hatchery  
  17  0:58  Drone  
  18  1:07  Drone  
  19  1:12  Extractor  
  19  1:17  Drone  
  19  1:20  Spawning Pool  
  18  1:28  Drone  
  19  1:39  Drone  
  20  1:49  Drone  
  21  2:00  Overlord  
  21  2:08  Queen  
  23  2:10  Queen  
  23  2:13  Drone  
  23  2:14  Zergling x2  
  27  2:19  Drone  
  27  2:21  Metabolic Boost, Drone  
  29  2:30  Drone  
  29  2:32  Drone  
  31  2:37  Baneling Nest  
  31  2:40  Overlord  
  30  2:46  Queen  
  30  2:48  Zergling x2  
  33  2:51  Drone  
  33  2:56  Drone  
  35  3:02  Drone  
  36  3:05  Drone  
  38  3:12  Drone  
  38  3:17  Lair  
  38  3:21  Drone x6  
  38  3:23  Overlord  
  38  3:24  Overlord  
  44  3:46  Drone  
  44  3:47  Drone x4  
  49  3:51  Extractor  
  49  3:52  Extractor  
  47  3:58  Drone  
  47  3:59  Drone x7  
  55  4:04  Roach Warren  
  54  4:12  Overlord  
  54  4:13  Overlord  
  54  4:15  Hatchery  
  52  4:32  Zergling x16  
  57  4:48  Glial Reconstitution  
  57  4:51  Zergling x12  
  61  4:53  Queen  
  64  5:07  Drone  
  64  5:13  Overlord x2  
  64  5:17  Extractor  
  64  5:20  Hatchery  
  62  5:21  Evolution Chamber  
  62  5:23  Evolution Chamber, Drone  
  62  5:24  Drone  
  56  5:49  Drone  
  57  5:50  Zerg Missile Weapons Level 1, Hydralisk Den, Zerg Ground Armor Level 1  
  57  5:54  Overlord  
  57  5:55  Overlord  
  55  5:58  Roach x6  
  67  6:05  Lurker Den  
  67  6:11  Roach x2  
  71  6:15  Roach x4  
  79  6:22  Pneumatized Carapace  
  79  6:29  Drone x5  
  79  6:31  Overseer  
  85  6:32  Drone  
  85  6:33  Drone  
  85  6:35  Queen  
  85  6:38  Drone  
  89  6:43  Overlord  
  89  6:51  Hydralisk x6  
  89  6:53  Drone x2  
  103  6:56  Drone x2  
  103  6:58  Roach  
  107  7:06  Overlord x2  
  107  7:13  Infestation Pit  
  106  7:17  Hydralisk x2  
  106  7:18  Hydralisk x2  
  106  7:21  Drone x3  
  117  7:23  Roach  
  119  7:34  Muscular Augments  
  119  7:36  Drone x5  
  119  7:37  Drone x3  
  126  7:38  Drone  
  126  7:40  Extractor  
  126  7:41  Extractor  
  126  7:43  Lurker  
  126  7:44  Lurker  
  128  7:52  Zerg Missile Weapons Level 2  
  128  8:13  Zerg Ground Armor Level 2  
  128  8:21  Queen  
  128  8:22  Overlord x3  
  128  8:23  Overlord x5  
  128  8:24  Overlord x2  
  130  8:38  Lurker x2  
  130  8:39  Hatchery  
  130  8:40  Lurker x2  
  133  8:44  Roach  
  133  8:45  Roach x4  
  143  8:59  Hydralisk x2  
  143  9:00  Hydralisk x3  
  153  9:06  Roach x4  
  161  9:11  Roach  
  161  9:12  Roach x2  
  161  9:15  Roach x2  
  171  9:33  Overseer x2  
  108  9:53  Roach x18  
  120  10:03  Roach x3  
  102  10:15  Drone x5  
  76  10:24  Drone x2  
  76  10:26  Drone x2  
Show
View Real Time Build Order
Export as new Build Order

Bop Zerg - Winner!

Build Orders: Hatch First, Lurkers 

Get SALT Encoding   

  12  0:00  Drone  
  13  0:14  Overlord  
  13  0:20  Drone  
  14  0:32  Drone x2  
  16  0:36  Drone  
  17  0:53  Hatchery  
  16  1:02  Drone  
  16  1:03  Drone  
  18  1:08  Extractor  
  18  1:09  Drone  
  18  1:18  Spawning Pool  
  17  1:20  Drone  
  18  1:31  Drone  
  19  1:44  Drone  
  20  1:55  Overlord  
  20  2:04  Queen  
  20  2:05  Queen  
  20  2:07  Zergling x4  
  26  2:13  Metabolic Boost  
  26  2:16  Drone x2  
  28  2:30  Drone  
  28  2:31  Drone  
  30  2:40  Queen  
  32  2:45  Overlord  
  32  2:46  Drone  
  32  2:47  Drone  
  32  2:51  Lair  
  34  2:55  Drone  
  35  3:00  Drone  
  36  3:10  Drone x3  
  39  3:13  Baneling Nest  
  39  3:15  Overlord  
  38  3:21  Drone x6  
  38  3:26  Overlord  
  44  3:31  Extractor  
  44  3:32  Drone  
  44  3:45  Zergling x16  
  52  3:53  Drone x2  
  52  3:54  Hydralisk Den  
  51  3:56  Drone x2  
  51  3:58  Extractor  
  51  4:02  Drone  
  53  4:03  Drone  
  53  4:08  Lurker Den  
  54  4:22  Drone x2  
  54  4:40  Hydralisk x2  
  54  4:42  Overlord x2  
  54  4:43  Drone x2  
  59  4:46  Extractor  
  59  4:50  Overlord  
  52  5:01  Zergling x16  
  59  5:09  Infestation Pit  
  58  5:17  Zergling x6  
  59  5:33  Zergling x18  
  63  5:40  Lurker x2  
  63  5:42  Baneling x2  
  63  5:43  Zergling x2  
  63  5:46  Overlord  
  63  5:47  Hive  
  64  5:55  Zergling x2  
  64  5:56  Zergling x2  
  66  6:03  Overseer  
  66  6:04  Overseer  
  66  6:05  Overseer  
  66  6:09  Hatchery  
  65  6:12  Drone  
  65  6:13  Drone x7  
  65  6:15  Hydralisk x2  
  65  6:16  Evolution Chamber  
  76  6:23  Queen  
  76  6:25  Overlord  
  78  6:42  Zerg Melee Weapons Level 1  
  78  6:44  Hydralisk x5  
  90  6:47  Drone x2  
  90  6:51  Lurker  
  92  6:54  Lurker  
  92  6:55  Drone x4  
  92  6:58  Overseer  
  96  7:02  Drone x2  
  96  7:08  Burrow  
  98  7:11  Drone x2  
  98  7:13  Extractor  
  99  7:17  Overlord x2  
  99  7:22  Overlord  
  99  7:23  Extractor  
  99  7:27  Ultralisk Cavern  
  97  7:35  Drone x3  
  97  7:36  Drone x5  
  105  7:38  Overlord  
  105  7:39  Overlord  
  105  7:40  Lurker  
  106  7:48  Drone x5  
  111  7:51  Overlord  
  111  8:01  Drone x2  
  111  8:02  Overseer  
  113  8:13  Chitinous Plating  
  113  8:15  Ultralisk  
  113  8:17  Ultralisk  
  113  8:18  Zergling x2  
  113  8:19  Zergling x4  
  128  8:23  Lurker  
  129  8:27  Zergling x12  
  134  8:39  Overlord  
  134  8:47  Overlord  
  134  8:58  Ultralisk  
  140  9:06  Overlord  
  140  9:07  Ultralisk  
  140  9:08  Ultralisk  
  152  9:15  Overlord  
  146  9:35  Overlord  
  139  9:47  Overseer  
  139  9:49  Ultralisk x3  
  149  9:58  Zergling x2  
  149  9:59  Zergling x26  
  153  10:03  Zergling x8  
  153  10:04  Zergling x12  
  162  10:11  Hydralisk x2  
  164  10:19  Zergling x2  
  153  10:21  Overseer  
Tags
 
Add a new tag
Caveats
  • Supply blocks, unpowered buildings, or Contaminate may cause inaccurate times.
  • Supply counts are checked every 10 seconds.